 Dungeon Crawl Stone Soup version bcrawl-1.12-8-g964540c432 (webtiles) character file.

Game seed: 12332663963742953004

25 Gumption the Caller (level 3, -1/19 HPs)
             Began as an Avariel Summoner on June 2, 2019.
             Slain by a giant cockroach (2 damage)
             ... on level 2 of the Dungeon.
             The game lasted 00:09:05 (1011 turns).

Gumption the Caller (Avariel Summoner)              Turns: 1011, Time: 00:09:05

Health: -1/19      AC:  2    Str:  6    XL:     3   Next: 4%
Magic:  2/9        EV: 13    Int: 21    God:
Gold:   28         SH:  0    Dex: 13    Spells: 5/8 levels left

rFire    . . .     SeeInvis .   a - +0 dagger
rCold    . . .     Gourm    .   (no shield)
rNeg     . . .     Faith    .   e - +0 robe
rPois    .         Spirit   .   (no helmet)
rElec    .         Reflect  .   n - scarf {cloud immunity}
rCorr    .         Harm     .   (no gloves)
MR       .....                  (no boots)
Stlth    ++........             (no amulet)
HPRegen  0.06/turn              (no ring)
MPRegen  0.11/turn              (no ring)

@: no status effects
A: no striking features
a: no special abilities


You were on level 2 of the Dungeon.
You were hungry.

You visited 1 branch of the dungeon, and saw 2 of its levels.

You collected 28 gold pieces.

Inventory:

Hand Weapons
 a - a +0 dagger (weapon)
Missiles
 i - 234 stones (quivered)
Armour
 e - a +0 robe (worn)
 n - a scarf of cloud immunity (worn)
Scrolls
 b - a scroll of identify
 d - a scroll of immolation {unknown}
 f - a scroll of fog {unknown}
 g - a scroll of magic mapping {unknown}
 k - a scroll of amnesia {unknown}
 l - a scroll of enchant armour {unknown}
Potions
 h - a potion of curing
 j - a potion of magic
Comestibles
 c - 3 rations {!d}
 m - a chunk of flesh


   Skills:
 + Level 2.6 Dodging
 - Level 2.1 Stealth
 + Level 3.1 Spellcasting
 * Level 5.5 Summonings


You had 5 spell levels left.
You knew the following spells:

 Your Spells              Type           Power        Failure   Level  Hunger
a - Call Imp              Summ           ####....     1%          2    ##.....
b - Summon Small Mammal   Summ           ####         1%          1    None

Your spell library contained the following spells:

 Spells                   Type           Power        Failure   Level  Hunger
 Call Canine Familiar     Summ           ####....     4%          3    ###....
 Summon Ice Beast         Ice/Summ       ##......     38%         4    ####...
 Summon Lightning Spire   Summ/Air       ##......     75%         5    ######.


Dungeon Overview and Level Annotations

Branches:
Dungeon (2/12)

Altars:


Message History

The giant cockroach is heavily wounded.
The giant cockroach closely misses you.
The giant cockroach bites you but does no damage.
The giant cockroach closely misses you. The gnoll closely misses you.
Your crimson imp hits the gnoll but does no damage.
The gnoll closely misses you.
Your crimson imp misses the gnoll.
Casting: Call Imp (safe; 1% risk of failure)
Confirm with . or Enter, or press ? or * to list all spells.
A beastly little devil appears in a puff of flame.
The giant cockroach bites you.
Your crimson imp blinks!
The giant cockroach misses you.
Casting: Call Imp (safe; 1% risk of failure)
Confirm with . or Enter, or press ? or * to list all spells.
A beastly little devil appears in a puff of frigid air.
The gnoll hits you from afar with a +0 halberd!
* * * LOW HITPOINT WARNING * * *
The giant cockroach bites you.
You die...

.............####
.............#
###.5........#
###.......†.##
.......).....#
>##...†......#
#...)§^.÷..##
#......5...<##
#.....gs@5...#
#....#...........#
..#.###.....######
#. #######


You could see a gnoll, a giant cockroach, 2 friendly crimson imps and a friendly
white imp.

Vanquished Creatures
  A rat (D:1)
1 creature vanquished.

Vanquished Creatures (collateral kills)
  A dart slug (D:1)
  A leopard gecko (D:1)
  3 bats
  5 goblins
  4 hobgoblins
  7 jackals (D:1)
  A quokka (D:1)
  4 frilled lizards (D:1)
  3 kobolds
  3 rats (D:1)
32 creatures vanquished.

Grand Total: 33 creatures vanquished

Notes
Turn   | Place    | Note
-------+----------+-------------------------------------------
     0 | D:1      | Gumption the Avariel Summoner began the quest for the Orb.
     0 | D:1      | Reached XP level 1. HP: 10/10 MP: 6/6
   151 | D:1      | Reached skill level 5 in Summonings
   393 | D:1      | Reached XP level 2. HP: 15/15 MP: 3/7
   416 | D:1      | Learned a level 2 spell: Call Imp
   990 | D:2      | Reached XP level 3. HP: 14/19 MP: 4/9
  1011 | D:2      | Slain by a giant cockroach

Skill      XL: |  1  2 |
---------------+-------+-----
Summonings     | 5 |  5.5
Spellcasting   | 3 |  3.1
Dodging        | |  2.6
Stealth        | |  2.1

Action                   || total
-------------------------++-------
Melee: Dagger            ||    22
 Cast: Summon Small Mamm ||    21
       Call Imp          ||    10
  Use: Scroll            ||     2
Armor: Robe              ||     3
Dodge: Dodged            ||    22
